 Dungeon Crawl Stone Soup version 0.19.1 (webtiles) character file.

180926 Gargoyl the Agent of Entropy (level 18, -3/156 HPs)
             Began as a Ghoul Abyssal Knight on Dec 22, 2016.
             Was a Priest of Lugonu.
             Slain by a scimitar of holy wrath (8 damage)
             ... on level 2 of the Elven Halls on Dec 23, 2016.
             The game lasted 01:44:02 (28070 turns).

Gargoyl the Agent of Entropy (GhAK)                Turns: 28070, Time: 01:44:03

Health: -3/156     AC: 29    Str: 26    XL:     18   Next: 28%
Magic:  20/28      EV:  9    Int:  7    God:    Lugonu [***...]
Gold:   57         SH:  9    Dex: 10    Spells: 0 memorised, 17 levels left

rFire  + . .     SeeInvis +     q - +2 war axe (elec)
rCold  + + .     Gourm    .     x - +3 plate armour {MR+}
rNeg   + + +     Faith    .     l - +3 warlock's mirror {reflect}
rPois  ∞         Spirit   .     z - +0 helmet {SInv}
rElec  +         Reflect  +     B - +1 cloak
rCorr  .         Harm     .     F - +2 pair of gloves
MR     +++..                    V - +0 pair of boots
Stlth  ..........               d - amulet of regeneration
                                w - ring "Osaib" {*Drain rElec rC+ rN++ Str+4}
                                y - ring "Isainal" {rPois rF+ MR+}

@: rotting
A: rotting body, claws 1, carnivore 3, cold resistance 1, negative energy
resistance 3, slow regeneration 1, torment resistance, unbreathing
a: Depart the Abyss, Bend Space, Banish, Renounce Religion


You were on level 2 of the Elven Halls.
You worshipped Lugonu.
Lugonu was most pleased with you.
You were very hungry.

You visited 4 branches of the dungeon, and saw 26 of its levels.
You visited the Abyss 2 times.
You also visited: Labyrinth and Volcano.

You collected 2518 gold pieces.
You spent 2461 gold pieces at shops.

Inventory:

Hand Weapons
 a - a +5 war axe of venom
 n - a +0 broad axe of protection
 q - a +2 war axe of electrocution (weapon)
 D - a +2 broad axe of flaming
 K - a +0 broad axe
Missiles
 Q - 6 poisoned javelins (quivered)
Armour
 l - the +3 warlock's mirror (worn) {reflect}
   (You found it on level 6 of the Lair of Beasts)
 x - a +3 plate armour of magic resistance (worn)
 z - a +0 helmet of see invisible (worn)
 B - a +1 cloak (worn)
 F - a +2 pair of gloves (worn)
 V - a +0 pair of boots (worn)
Jewellery
 d - an amulet of regeneration (around neck)
 g - an uncursed ring of protection from cold
 w - the ring "Osaib" (right hand) {*Drain rElec rC+ rN++ Str+4}
   (You bought it in a shop on level 2 of the Orcish Mines)

   [ring of protection from cold]

   It affects your strength (+4).
   It protects you from cold.
   It insulates you from electricity.
   It greatly protects you from negative energy.
   It causes draining when unequipped.
 y - the ring "Isainal" (left hand) {rPois rF+ MR+}
   (You found it on level 14 of the Dungeon)

   [ring of protection from fire]

   It protects you from fire.
   It protects you from poison.
   It affects your resistance to hostile enchantments.
 J - a cursed ring of teleportation
 M - an uncursed ring of stealth {unknown}
 O - an uncursed ring of see invisible
Wands
 f - a wand of iceblast (6/15)
 k - a wand of flame (16/48)
 p - a wand of polymorph (17/24)
 I - a wand of heal wounds (0/9)
 L - a wand of confusion (13/48)
 S - a wand of acid (7/15)
 W - a wand of acid (11/15)
Scrolls
 e - 9 scrolls of identify
 j - 9 scrolls of fog
 m - 9 scrolls of remove curse
 t - 2 scrolls of amnesia
 U - 6 scrolls of magic mapping
Potions
 b - 4 potions of might
 h - 4 potions of ambrosia
 i - a potion of curing
 s - 9 potions of agility
 C - 4 potions of brilliance
 E - a potion of magic
 X - a potion of cancellation
Books
 r - a book of Spatial Translocations

   Spells                             Type                      Level
   a - Blink                          Translocation                2
   b - Shroud of Golubria             Charms/Translocation         2
   c - Lesser Beckoning               Translocation                3
   d - Portal Projectile              Translocation                3
   e - Teleport Other                 Translocation                3
   f - Passage of Golubria            Translocation                4
 H - a book of Callings

   Spells                             Type                      Level
   a - Summon Small Mammal            Summoning                    1
   b - Call Imp                       Summoning                    2
   c - Call Canine Familiar           Summoning                    3
   d - Summon Guardian Golem          Hexes/Summoning              3
   e - Summon Lightning Spire         Summoning/Air                4
   f - Summon Ice Beast               Ice/Summoning                4
Comestibles
 c - 17 meat rations
 v - 2 beef jerkies
 A - 2 slices of pizza


   Skills:
 + Level 12.8 Fighting
 + Level 15.1 Axes
 + Level 2.4 Throwing
 * Level 14.9 Armour
 + Level 4.0 Dodging
 + Level 10.1 Shields
 * Level 15.7 Invocations
 + Level 1.9 Evocations


You had 17 spell levels left.
You didn't know any spells.

Dungeon Overview and Level Annotations

Branches:
Dungeon (15/15)            Temple (0/1) D:6            Lair (6/6) D:11
 Shoals (0/4) Lair:3       Spider (0/4) Lair:3        Slime (0/5) Lair:5
    Orc (2/2) D:9             Elf (3/3) Orc:2        Vaults (0/5) D:13
 Depths (0/5) D:15

Altars:
Elyvilon
Fedhas
Gozag
Makhleb
Uskayaw
Vehumet
Beogh

Shops:
D:7 (   D:14 %   D:15 %}%(   Orc:2 ([%=(   Elf:1 (   Elf:2 [**=!

Annotations:
D:2 Sigmund


Innate Abilities, Weirdness & Mutations

Your body is rotting away.
You thrive on raw meat.
You are immune to poison.
You have sharp fingernails.
You are carnivorous and can eat meat at any time.
Your flesh is cold resistant. (rC+)
You are immune to negative energy. (rN+++)
You regenerate slowly when monsters are visible.
You are immune to unholy pain and torment.
You can survive without breathing.


Message History

Press: ? - help, Shift-Dir - straight line, f - scimitar of holy wrath
Aim: a scimitar of holy wrath (magic immune)
The scimitar of holy wrath is unaffected.
You are feeling hungry.
The scimitar of holy wrath hits you!
* * * LOW HITPOINT WARNING * * *
You convulse.
* * * LOW HITPOINT WARNING * * *
The deep elf knight casts a spell at you.
Your +3 warlock's mirror {reflect} reflects the shard of ice!
The shard of ice hits the deep elf knight.
You kill the deep elf knight!
Lugonu accepts your kill. You block the glaive of venom's attack.
Press: ? - help, Shift-Dir - straight line, f/p - scimitar of holy wrath
Aim: a scimitar of holy wrath (magic immune)
The scimitar of holy wrath is unaffected.
You are feeling very hungry.
The scimitar of holy wrath hits you!
You die...

..........(.......##..#...#...#..
..............§..###.###.....###.
...........§§.§..###..#.......#..
...........§§§....###.....#.....#
...........§§§.....##...........#
.............e....###..###(###..#
#...........#..(.## ####.#)#.####
# .........###(e.## ####')'('####
.......## ##(@.###...........#
...... ##.....#....)..(.....
..... .#.............#...... . ..
..............#####.... ..
.................#...... .##
..##...##....##.....##.. .#
##.####..####...####. ## ####
##### ##


You could see 2 deep elf magi and 2 dancing weapons.

Vanquished Creatures
  A bone dragon (Abyss:1)
  Frances (D:13)
  Gastronok (Abyss:1)
  The ghost of CakeIsGreat the Thaumaturge, an adept GrEE of Vehumet (Elf:2)
  A deep elf sorcerer (Elf:1)
  3 orc warlords
  2 deep elf demonologists
  The ghost of Morrissey the Brawler, a journeyman DrTm of Ashenzari (Orc:2)
  A deep elf annihilator (Elf:2)
  A minotaur (Lab)
  A fire dragon (Volcano)
  An ice dragon (D:13)
  A hydra (shapeshifter) (Elf:1)
  3 catoblepae (Lair:6)
  7 hydras
  Erica (Lair:1)
  2 centaur warriors
  A hell hog (Volcano)
  A queen ant (Lair:3)
  24 dancing weapons
  A tengu warrior (D:15)
  A large abomination (Abyss:1)
  2 orc high priests
  Urug (D:11)
  18 deep elf knights
  23 death yaks
  A fire crab (shapeshifter) (Elf:1)
  Sonja (D:14)
  4 unseen horrors
  A glowing orange brain (D:15)
  A deep troll (D:13)
  8 hill giants
  10 deep elf archers
  An obsidian statue (Volcano)
  2 orc knights
  47 deep elf magi
  3 ugly things
  2 orc sorcerers
  A cyclops (D:13)
  An oklob plant (Lair:6)
  2 centaur zombies
  18 elephants
  2 black mambas (Lair:6)
  A spiny frog (shapeshifter) (D:15)
  A gargoyle (D:15)
  Joseph (D:7)
  9 spiny frogs
  2 rime drakes (Lair:6)
  4 centaur skeletons
  2 kobold demonologists (D:15)
  12 komodo dragons
  A freezing wraith (D:13)
  An ancient zyme (Abyss:1)
  A troll (shapeshifter) (D:13)
  A polar bear (Lair:4)
  A meliai (D:14)
  5 trolls
  2 hornets
  15 blink frogs
  A two-headed ogre (D:15)
  7 slime creatures
  A raiju (Abyss:1)
  2 dream sheep (D:8)
  14 hippogriffs
  3 air elementals
  A wraith (D:11)
  2 redbacks (shapeshifter)
  2 small abominations (Abyss:1)
  A spriggan (shapeshifter) (D:15)
  2 shadows
  2 wyverns
  52 yaks
  A tarantella (shapeshifter) (Elf:1)
  4 water elementals
  A basilisk (shapeshifter) (D:15)
  8 fire bats (Volcano)
  3 fire elementals
  3 vampire mosquitoes (D:13)
  A human (shapeshifter) (D:15)
  2 steam dragons (D:13)
  4 basilisks
  4 hungry ghosts
  3 wargs
  5 soldier ants (Lair:3)
  3 porcupines
  5 water moccasins
  38 orc warriors
  3 phantoms
  5 ice beasts
  5 sky beasts
  An eye of draining (D:14)
  2 black bears
  2 necrophages
  5 ogres
  11 centaurs
  19 crocodiles
  11 big kobolds
  2 wyvern zombies
  13 bullfrogs
  Blork the orc (D:6)
  An earth elemental (Elf:1)
  A water moccasin skeleton (D:9)
  2 scorpions
  5 killer bees
  6 howler monkeys
  3 wights (D:10)
  An electric eel (Lair:4)
  7 lava snakes
  8 crimson imps
  2 bullfrog zombies
  A quasit (D:8)
  4 jellies
  3 bullfrog skeletons
  10 hounds
  20 orc priests
  33 orc wizards
  6 iguanas
  44 worker ants
  3 hound skeletons
  11 gnolls
  9 adders
  3 shadow imps
  A white imp (Abyss:1)
  An ufetubus (Abyss:1)
  An ooze (D:1)
  3 adder skeletons
  4 worms
  2 dart slugs
  6 leopard geckos
  124 orcs
  A ball python (D:4)
  3 giant cockroaches
  7 goblins
  10 hobgoblins
  13 jackals
  26 kobolds
  2 quokkas
  6 bats
  8 frilled lizards
  A jackal zombie (D:5)
  2 leopard gecko skeletons
  A quokka skeleton (D:5)
  7 rats
  9 fungi
  9 plants
950 creatures vanquished.

Vanquished Creatures (others)
  An orc warlord (Orc:1)
  A hydra (Lair:2)
  An alligator (shapeshifter) (D:13)
  2 deep elf knights (Elf:2)
  A slime creature (D:15)
  4 deep elf archers
  A deep elf mage (Elf:1)
  A gargoyle (D:13)
  2 meliai (D:14)
  A steam dragon (Volcano)
  3 orc warriors
  A bullfrog (D:8)
  A worker ant (D:5)
  A ball python (D:5)
  8 fungi
  9 plants
38 creatures vanquished.

Grand Total: 988 creatures vanquished

Notes
Turn   | Place    | Note
-------+----------+-------------------------------------------
     0 | Abyss:1  | Gargoyl the Ghoul Abyssal Knight began the quest for the Orb.
     0 | Abyss:1  | Reached XP level 1. HP: 19/19 MP: 1/1
    49 | Abyss:2  | Noticed a neqoxec
    58 | Abyss:2  | Noticed a small abomination
    63 | D:1      | Escaped the Abyss
   196 | D:1      | Reached * piety under Lugonu
   196 | D:1      | Reached XP level 2. HP: 16/26 MP: 2/2
   482 | D:1      | Reached skill level 1 in Dodging
   493 | D:1      | Reached XP level 3. HP: 29/33 MP: 3/3
  1046 | D:2      | Reached ** piety under Lugonu
  1059 | D:2      | Found a burning altar of Makhleb.
  1062 | D:2      | Noticed an Executioner
  1066 | D:2      | Noticed a smoke demon
  1066 | D:2      | Noticed a hellwing
  1096 | D:2      | Reached XP level 4. HP: 40/40 MP: 4/4
  1121 | D:2      | Noticed Sigmund
  2125 | D:4      | Reached XP level 5. HP: 42/47 MP: 5/5
  2402 | D:4      | Found a white marble altar of Elyvilon.
  2498 | D:4      | Noticed a sky beast
  2536 | D:4      | HP: 2/47 [something (5)]
  2551 | D:4      | Killed a sky beast
  2551 | D:4      | Reached XP level 6. HP: 45/53 MP: 5/7
  3035 | D:5      | Entered Level 5 of the Dungeon
  3043 | D:5      | Found an opulent altar of Gozag.
  3043 | D:5      | Found a hide-covered altar of Uskayaw.
  3363 | D:5      | Noticed an ice beast
  3381 | D:5      | Killed an ice beast
  3381 | D:5      | Reached skill level 1 in Shields
  3482 | D:5      | Reached XP level 7. HP: 55/60 MP: 8/8
  3711 | D:6      | Noticed a hungry ghost
  3747 | D:6      | Killed a hungry ghost
  3773 | D:6      | Reached skill level 5 in Fighting
  3853 | D:6      | Reached *** piety under Lugonu
  3933 | D:6      | Noticed Blork the orc
  3947 | D:6      | Killed Blork the orc
  3989 | D:6      | Reached XP level 8. HP: 62/68 MP: 9/9
  4085 | D:6      | Reached skill level 5 in Armour
  4135 | D:6      | Found a staircase to the Ecumenical Temple.
  4385 | D:6      | Reached skill level 5 in Axes
  4898 | D:7      | Identified the Compendium of Twisted Battle Magic
  4966 | D:7      | Reached **** piety under Lugonu
  4966 | D:7      | Reached skill level 5 in Invocations
  5111 | D:7      | Found Usai's Weapon Boutique.
  5211 | D:7      | Reached XP level 9. HP: 59/74 MP: 11/11
  5318 | D:7      | Noticed Joseph
  5452 | D:7      | Killed Joseph
  5769 | D:8      | Noticed Gastronok
  5874 | D:8      | Banished Gastronok
  6241 | D:8      | Reached XP level 10. HP: 72/83 MP: 14/14
  6303 | D:8      | Noticed a three-headed hydra
  6317 | D:8      | Killed a one-headed hydra
  7037 | D:9      | HP: 4/84 [orc priest/divine providence (12)]
  7193 | D:9      | Found a staircase to the Orcish Mines.
  7783 | D:9      | Reached XP level 11. HP: 70/90 MP: 16/16
  7953 | D:10     | Entered Level 10 of the Dungeon
  7961 | D:10     | Reached ***** piety under Lugonu
  8204 | D:10     | Noticed a hill giant
  8216 | D:10     | Killed a hill giant
  8238 | D:10     | Reached skill level 5 in Shields
  9233 | D:11     | Found a staircase to the Lair.
  9255 | D:11     | Found a labyrinth entrance.
  9309 | Lab      | Entered a labyrinth
  9440 | Lab      | Noticed a minotaur
  9449 | Lab      | Killed a minotaur
  9539 | D:11     | Noticed a hill giant
  9544 | D:11     | Killed a hill giant
  9570 | D:11     | Noticed a white ugly thing
  9583 | D:11     | Killed a white ugly thing
  9740 | D:11     | Found a radiant altar of Vehumet.
  9827 | D:12     | Noticed a hill giant
  9834 | D:12     | Killed a hill giant
  9902 | D:12     | Reached XP level 12. HP: 88/100 MP: 18/18
  9903 | D:12     | Reached skill level 10 in Invocations
  9950 | D:12     | Noticed Urug
 10002 | D:11     | Killed Urug
 10002 | D:11     | Reached skill level 1 in Throwing
 10373 | D:12     | Reached skill level 10 in Armour
 10376 | D:12     | Reached skill level 10 in Axes
 10660 | D:13     | Noticed a centaur warrior
 10676 | D:13     | Killed a centaur warrior
 11040 | D:13     | Noticed an ettin
 11040 | D:13     | Noticed a hell hog
 11040 | D:13     | an ettin changed into a hell hog
 11042 | D:13     | Noticed a fire dragon
 11042 | D:13     | a hell hog changed into a fire dragon
 11043 | D:13     | Noticed an ettin
 11043 | D:13     | a fire dragon changed into an ettin
 11045 | D:13     | Noticed an entropy weaver
 11045 | D:13     | an ettin changed into an entropy weaver
 11051 | D:13     | Noticed a ghost moth
 11051 | D:13     | an entropy weaver changed into a ghost moth
 11052 | D:13     | a ghost moth changed into a tyrant leech
 11056 | D:13     | Noticed a great orb of eyes
 11056 | D:13     | a tyrant leech changed into a great orb of eyes
 11059 | D:13     | Noticed an alligator
 11059 | D:13     | a great orb of eyes changed into an alligator
 11060 | D:13     | Banished an alligator
 11116 | D:13     | Noticed an ice dragon
 11274 | D:11     | Reached XP level 13. HP: 107/108 MP: 20/20
 11285 | Lair:1   | Entered Level 1 of the Lair of Beasts
 11448 | Lair:1   | Noticed Erica
 11463 | Lair:1   | Killed Erica
 11951 | Lair:1   | Reached skill level 1 in Evocations
 11951 | Lair:1   | Reached XP level 14. HP: 118/118 MP: 21/21
 12523 | Lair:2   | Found a blossoming altar of Fedhas.
 12992 | Lair:3   | Found a staircase to the Shoals.
 13171 | Lair:3   | Found a hole to the Spider Nest.
 13477 | Lair:3   | Reached ****** piety under Lugonu
 14762 | Lair:5   | Found a staircase to the Slime Pits.
 14929 | Lair:5   | Reached XP level 15. HP: 50/126 MP: 23/23
 15069 | Lair:5   | Reached skill level 10 in Fighting
 15767 | Lair:6   | Entered Level 6 of the Lair of Beasts
 16155 | Lair:6   | Found a dark tunnel.
 16164 | Volcano  | Entered a volcano
 16556 | Volcano  | Found a bloodstained altar of Trog.
 18149 | Lair:3   | Reached XP level 16. HP: 120/136 MP: 25/25
 18232 | Orc:1    | Entered Level 1 of the Orcish Mines
 18729 | Orc:2    | Entered Level 2 of the Orcish Mines
 19221 | Orc:2    | Found a staircase to the Elven Halls.
 19242 | Orc:2    | Found a roughly hewn altar of Beogh.
 19246 | Orc:2    | Noticed Morrissey's ghost (journeyman DrTm)
 19364 | Orc:2    | Killed Morrissey's ghost
 19411 | Orc:2    | Found a roughly hewn altar of Beogh.
 19446 | Orc:2    | Found Meewn's Food Shoppe.
 19509 | Orc:2    | Found a roughly hewn altar of Beogh.
 19550 | Orc:2    | Found Fugupaat's Jewellery Shop.
 19557 | Orc:2    | Bought the ring "Osaib" {*Drain rElec rC+ rN++ Str+4} for 941 gold pieces
 19672 | Orc:2    | Found a roughly hewn altar of Beogh.
 19731 | Orc:2    | Found a roughly hewn altar of Beogh.
 19745 | Orc:2    | Found Niteocen's Weapon Emporium.
 19803 | Orc:2    | Found a roughly hewn altar of Beogh.
 19919 | Orc:2    | Found a roughly hewn altar of Beogh.
 20437 | Orc:2    | Found Soudyn's Antique Armour Emporium.
 20438 | Orc:2    | Found a roughly hewn altar of Beogh.
 20439 | Orc:2    | Found Fedosmocw's Antique Weapon Shoppe.
 20458 | Orc:2    | Bought a runed plate armour for 986 gold pieces
 20974 | D:13     | Found a gate to the Vaults.
 20982 | D:13     | Got a crystal trident
 20987 | D:13     | Identified the cursed +0 trident "Killer Klown's Peril" {pierce, rF+ Str+2 Dex+2} (You found it on level 13 of the Dungeon)
 21044 | D:14     | Noticed Frances
 21061 | D:13     | Killed Frances
 21156 | D:14     | Noticed Sonja
 21195 | D:14     | Found Luki's Food Shop.
 21211 | D:14     | Killed Sonja
 21503 | D:14     | Got a glittering granite ring
 21664 | D:15     | Entered Level 15 of the Dungeon
 21781 | D:15     | Found Depric's Food Emporium.
 21790 | D:15     | Found Yraxkack's Antique Weapon Shoppe.
 22090 | D:15     | Found Viarphoyl's Food Shoppe.
 22104 | D:15     | Found Hutsaq's Gadget Emporium.
 22302 | D:15     | Found a staircase to the Depths.
 22397 | D:15     | Identified the ring "Isainal" {rPois rF+ MR+} (You found it on level 14 of the Dungeon)
 22917 | Elf:1    | Entered Level 1 of the Elven Halls
 23294 | Elf:1    | Found Naxtutro's Weapon Shoppe.
 23297 | Elf:1    | Bought a +0 broad axe for 64 gold pieces
 23573 | Elf:1    | Reached XP level 17. HP: 113/146 MP: 26/26
 24600 | Elf:1    | Noticed a quicksilver dragon
 24600 | Elf:1    | a quicksilver dragon changed into an iron troll
 24987 | Elf:2    | Found Gexisih's General Store.
 25017 | Elf:2    | Bought a potion of curing for 45 gold pieces
 25305 | Elf:2    | Reached skill level 15 in Invocations
 25630 | Elf:2    | Found Fanwott's Distillery.
 25633 | Elf:2    | Bought a potion of haste for 170 gold pieces
 25633 | Elf:2    | Bought a potion of agility for 68 gold pieces
 25633 | Elf:2    | Bought a potion of curing for 51 gold pieces
 25633 | Elf:2    | Bought a potion of might for 68 gold pieces
 25633 | Elf:2    | Bought a potion of might for 68 gold pieces
 25642 | Elf:2    | Found Fusireoz's Jewellery Shoppe.
 25841 | Elf:2    | Found Lyid's General Store.
 25877 | Elf:3    | Entered Level 3 of the Elven Halls
 26150 | Elf:2    | Found a huge runed gate.
 26150 | Elf:2    | Found a huge runed gate.
 26150 | Elf:2    | Found a huge runed gate.
 26150 | Elf:2    | Found a huge runed gate.
 26150 | Elf:2    | Found a huge runed gate.
 26251 | Elf:2    | Found Tytule's Armour Emporium.
 26423 | Elf:2    | Noticed CakeIsGreat's ghost (adept GrEE)
 26461 | Elf:2    | Killed CakeIsGreat's ghost
 26750 | Elf:2    | Reached skill level 10 in Shields
 27018 | Elf:1    | Reached skill level 15 in Axes
 27018 | Elf:1    | Reached XP level 18. HP: 67/156 MP: 25/28
 27297 | Elf:2    | Noticed a deep elf blademaster
 27336 | Elf:2    | Banished a deep elf blademaster
 27817 | Abyss:1  | Noticed a bone dragon
 27830 | Abyss:1  | Killed Gastronok
 27873 | Abyss:1  | Killed a bone dragon
 28061 | Elf:2    | Escaped the Abyss
 28069 | Elf:2    | HP: 7/156 [scimitar of holy wrath (9)]
 28070 | Elf:2    | Slain by a scimitar of holy wrath

Skill      XL: |  1  2  3  4  5  6  7  8  9 10 11 12 13 14 15 16 17 |
---------------+----------------------------------------------------+-----
Axes           | 2 3 4 5 6 7 9 10 12 13 14 15 | 15.1
Fighting       | 4 5 6 7 8 9 10 11 12 | 12.8
Dodging        | 1 2 3 4 |  4.0
Armour         | 2 3 4 6 7 8 9 10 11 13 14 | 14.9
Invocations    | 3 5 7 8 9 10 11 12 13 14 15 | 15.7
Shields        | 1 2 3 4 5 6 7 8 9 10 | 10.1
Throwing       | 1 2 |  2.4
Evocations     | 1 |  1.9

Action                   |  1- 3 |  4- 6 |  7- 9 | 10-12 | 13-15 | 16-18 || total
-------------------------+-------+-------+-------+-------+-------+-------++-------
Melee: Hand axe          |   127 |   329 |   142 |    15 |    43 |       ||   656
       War axe           |       |       |   315 |   818 |  1015 |  1715 ||  3863
       Broad axe         |       |       |       |       |    14 |    11 ||    25
Throw: Tomahawk          |       |       |       |     5 |       |       ||     5
       Javelin           |       |       |       |    10 |     5 |     1 ||    16
Invok: Depart the Abyss  |     1 |       |       |       |       |     1 ||     2
       Banish            |       |       |     5 |     5 |     8 |    32 ||    50
       Bend Space        |       |       |       |       |     1 |       ||     1
       Enter the Abyss   |       |       |       |       |       |     1 ||     1
Evoke: Wand              |       |       |       |       |       |    11 ||    11
  Use: Scroll            |     4 |     9 |     8 |    12 |     7 |    26 ||    66
       Potion            |       |     5 |     1 |     3 |     7 |    16 ||    32
 Stab: Distracted        |       |       |       |       |       |     1 ||     1
  Eat: Chunk             |    19 |    21 |    31 |   125 |   201 |   176 ||   573
       Meat ration       |       |       |       |       |       |     1 ||     1
Armor: Leather armour    |    65 |    16 |       |       |       |       ||    81
       Chain mail        |       |   149 |       |       |   121 |   123 ||   393
       Plate armour      |       |    98 |   387 |   718 |   568 |   779 ||  2550
Dodge: Dodged            |   105 |    59 |    62 |   207 |   287 |   470 ||  1190
Block: Shield            |       |   103 |   212 |   436 |   634 |       ||  1385
       Buckler           |       |       |       |       |     3 |   648 ||   651
       Reflection        |       |       |       |       |       |    72 ||    72
